 Dungeon Crawl Stone Soup version 0.28-a0-850-g09de17f5b5 (webtiles) character file.

Game seed: 14302706095775594933

2 croobank the Sneak (level 1, 0/18 HPs)
             Began as a Demonspawn Delver on Nov 13, 2021.
             Slain by a goblin (3 damage)
             ... on level 3 of the Dungeon.
             The game lasted 00:01:34 (131 turns).

croobank the Sneak (Demonspawn Delver)               Turns: 131, Time: 00:01:34

Health: 0/18       AC:  3    Str: 12    XL:     1   Next: 33%
Magic:  1/1        EV: 11    Int: 11    God:
Gold:   8          SH:  0    Dex: 14    Spells: 0/0 levels left

rFire   . . .      SeeInvis .   a - +0 hand axe
rCold   . . .      Faith    .   (no shield)
rNeg    . . .      Spirit   .   b - +0 leather armour
rPois   .          Reflect  .   (no helmet)
rElec   .          Harm     .   (no cloak)
rCorr   .          Rampage  .   (no gloves)
Will    .....                   (no boots)
Stlth   +++.......              (no amulet)
HPRegen 0.06/turn               (no ring)
MPRegen 0.07/turn               (no ring)

@: no status effects
A: no striking features
a: no special abilities


You were on level 3 of the Dungeon.
You visited 1 branch of the dungeon, and saw 3 of its levels.

You collected 8 gold pieces.

Inventory:

Hand Weapons
 a - a +0 hand axe (weapon)
Missiles
 i - 18 stones (quivered)
Armour
 b - a +0 leather armour (worn)
 j - a +0 ring mail
Magical Staves
 f - a staff of cold
Wands
 g - a wand of digging (3)
Scrolls
 c - a scroll of fog
 d - a scroll of magic mapping
 h - a scroll of identify


   Skills:
 + Level 3.0 Fighting
 + Level 1.7 Axes
 + Level 1.7 Dodging
 + Level 4.6 Stealth


You couldn't memorise any spells.
You didn't know any spells.
Your spell library was empty.

Dungeon Overview and Level Annotations

Branches:
Dungeon (5/15)
 Temple: D:4-7

Altars:


Message History

The quokka bites you but does no damage. x2
You hit the quokka.
You kill the quokka!
A goblin comes into view. It is wielding a +4 dagger.
You see here a +0 ring mail.
j - a +0 ring mail The goblin shouts!
Found a stone staircase leading down.
An adder comes into view.
You strike the helpless adder from behind!
You hit the adder.
The adder is moderately wounded.
The adder bites you.
You are poisoned.
The adder poisons you! The adder bites you but does no damage.
The goblin hits you with a +4 dagger.
As you read the scroll of fear, it crumbles to dust.
You assume a fearsome visage.
The goblin looks frightened!
The adder looks frightened!
You feel sick.
You feel sick.
You feel sick.
You feel sick.
A goblin comes into view. It is wielding a +0 dagger.
Found a book of Burglary.
You feel sick.
There is a stone staircase leading down here.
You feel sick.
You are no longer poisoned.
The goblin shouts!
The goblin hits you but does no damage.
Cornered, the adder turns to fight!
You hit the goblin.
The goblin is heavily wounded.
The goblin closely misses you. The goblin hits you with a +0 dagger.
* * * LOW HITPOINT WARNING * * *
Okay, then.
You aren't carrying any potions.
As you read the scroll labelled NOVAL FITIEHIB, it crumbles to dust.
It is a scroll of identify.
You don't have any unidentified items.
The adder closely misses you. The goblin hits you with a +0 dagger.
You die...

## #. #. ##### ###.
..... ... #.
###.########### ###.
#....>........####...
#.#.#S.########........
#.....@# #####....
###.##g# #.##. # #.#
#.##. #.. ..... #.#
##...# #:# ..... ..#
#...# #.# ....


You could see an adder and a goblin.

Vanquished Creatures
  2 quokkas (D:3)
2 creatures vanquished.

Notes
Turn   | Place    | Note
-------+----------+-------------------------------------------
     0 | D:5      | croobank the Demonspawn Delver began the quest for the Orb.
     0 | D:5      | Reached XP level 1. HP: 18/18 MP: 1/1
    16 | D:5      | Noticed an iguana
   131 | D:3      | Slain by a goblin

Illustrated notes

Levels and vault maps discovered:
D:3:      layout_loops_ring, lightli_temple_of_fire
D:4:      layout_rooms
D:5:      layout_loops_ring, amethyst_overflow_temple_binary,
          old_standard_altar, fedhas_altar_2

Action                   || total
-------------------------++-------
Melee: Hand axe          ||     7
  Use: Scroll            ||     2
       Potion            ||     1
 Stab: Distracted        ||     1
       Sleeping          ||     1
Armor: Leather armour    ||     5
Dodge: Dodged            ||     5

Table legend: (Time is in decaauts)
 A = Elapsed time spent in this place.
 B = Non-inter-level travel time spent in this place.
 C = Inter-level travel time spent in this place.
 D = Time resting spent in this place.
 E = Time spent auto-exploring this place.
 F = Levels seen in this place.
 G = Mean time per level.
                   A        B        C        D        E       F      G
               +--------+--------+--------+--------+--------+-----+--------+
         Total |    117 |    117 |      0 |      0 |     34 |   3 |   39.0 |
       Dungeon |    117 |    117 |      0 |      0 |     34 |   3 |   39.0 |
               +--------+--------+--------+--------+--------+-----+--------+

Top non-repeatable levels by time:
     D:3: 81 daAuts
     D:5: 25 daAuts
     D:4: 10 daAuts
